 Dungeon Sprint DCSS version 0.27.1-1-g398f81649c (webtiles) character file.

Game seed: 14891571160449883841

1286 ugugthedestroyer the Cleaver (level 8, -4/67 HPs)
             Began as a Demonspawn Gladiator on Sept 7, 2021.
             Slain by a skeletal warrior (6 damage)
             ... in the Dungeon (Sprint II: "The Violet Keep of Menkaure").
             The game lasted 00:04:12 (964 turns).

ugugthedestroyer the Cleaver (Demonspawn Gladiator)  Turns: 964, Time: 00:04:12

Health: -4/67      AC: 10    Str: 18    XL:     8   Next: 30%
Magic:  0/8        EV: 16    Int:  7    God:
Gold:   275        SH:  0    Dex: 14    Spells: 7/7 levels left

rFire    + . .     SeeInvis .   a - +0 war axe
rCold    . . .     Faith    .   (no shield)
rNeg     . . .     Spirit   +   d - +1 leather armour {rF+}
rPois    .         Reflect  .   (helmet restricted)
rElec    .         Harm     .   (no cloak)
rCorr    .         Rampage  +   (no gloves)
Will     .....     NoTele   +   f - +1 pair of boots {rampage}
Stlth    +.........             (no amulet)
HPRegen  0.21/turn              g - +4 ring of protection
MPRegen  0.22/turn              (no ring)

@: unable to read, slowed, very slow
A: horns 1, demonic guardian 2, magic shield, magic regeneration, dopey 1,
inability to read while threatened
a: no special abilities


You were in the Dungeon.
You visited 1 branch You collected 972 gold pieces.
You spent 697 gold pieces at shops.

Inventory:

Hand Weapons
 a - a +0 war axe (weapon)
Armour
 b - a +0 leather armour
 c - a +0 helmet
 d - a +1 leather armour of fire resistance (worn)
 f - a +1 pair of boots of rampaging (worn)
Jewellery
 g - a +4 ring of protection (left hand)
Scrolls
 j - a scroll of blinking
Potions
 e - a potion of curing
 h - 2 potions of magic


   Skills:
 + Level 7.2 Fighting
 + Level 11.7 Axes
 - Level 1.7 Throwing
 + Level 4.2 Armour
 + Level 10.0 Dodging


You had 7 spell levels left.
You didn't know any spells.
Your spell library was empty.

Dungeon Overview and Level Annotations

Branches:
Dungeon (1/1)

Altars:

Shops:
D :*=?[[(=[(!:=[!

Annotations:
D exclusion: oklob plant, Kirke


Innate Abilities, Weirdness & Mutations

You have a pair of small horns on your head.
A demonic guardian rushes to your aid.
When hurt, damage is shared between your health and your magic reserves.
You regenerate magic rapidly.
You are dopey. (Int -2)
You sometimes lose the ability to read scrolls when taking damage.


Message History

A demonic guardian appears!
The centaur warrior closely misses you. The centaur warrior misses you.
Your unstable footing causes you to fumble your attack.
Your orange demon disappears in a puff of smoke!
The crimson imp hits you but does no damage.
The skeletal warrior splashes around in the water.
The centaur warrior hits you.
* * * LOW HITPOINT WARNING * * *
The centaur warrior kicks you but does no damage.
Your orange demon stings the skeletal warrior but does no damage.
Your orange demon hits the skeletal warrior.
The kobold demonologist looks braver for a moment.
You hear some strange, mumbled words.
You feel yourself slow down.
You completely miss the centaur warrior.
The centaur warrior is lightly wounded.
You miss something. You slash the crimson imp!
You hit the skeletal warrior but do no damage.
The centaur warrior barely misses you. The centaur warrior misses you.
Your orange demon stings the crimson imp from afar!
The crimson imp dies!
The skeletal warrior closely misses you.
Your orange demon stings the skeletal warrior.
Your orange demon splashes around in the water.
The kobold demonologist gestures wildly while chanting.
You hear some strange, mumbled words.
Something summons a manticore!
The centaur warrior hits you but does no damage.
The centaur warrior kicks you but does no damage.
You completely miss the centaur warrior.
The centaur warrior is lightly wounded.
You completely miss something.
You hit the skeletal warrior but do no damage.
The centaur warrior hits you but does no damage.
The centaur warrior kicks you.
* * * LOW HITPOINT WARNING * * *
Your orange demon closely misses the skeletal warrior.
Your orange demon hits the skeletal warrior.
The skeletal warrior hits you with a +0 scimitar!
You die...

##≈≈○≈°≈°°≈## ###
+≈≈°≈≈8≈°≈≈≈#
#.cK####≈○○≈○≈≈≈≈ #$Yc..≈##
○○°≈°
############≈≈#+++#+++##
###########≈≈≈.5.÷.....#
##.....∩.∩#c5K≈.##+##..#
##....∩.∩.#cz55###.###.####
##...∩.∩..#@≈4H#..#..#....#
##..∩.....#4{####.#.####..##
##.⌠.∩....#≈##.###'###.##..#
##..∩.∩...#≈#...##(##.#.#..#
##...∩.∩..+≈+.#.+.<.+##.+..#
##....∩.∩.#≈#..)##.###..#...
#▓▓▓▓▓▓▓###≈##.###+###.##...
##$.E######≈≈####...####≈≈..
#[JJ#D ##≈≈≈#..#..# §≈≈≈


You could see an iron elemental, a yaktaur captain, a skeletal warrior (weak,
ally target), a centaur warrior (ally target), a manticore (summoned), a kobold
demonologist, an iron imp (summoned), a crimson imp (summoned), a shadow imp
(summoned, expiring), an ufetubus (summoned) and 2 friendly orange demons.

Vanquished Creatures
  A merfolk siren (D)
  A neqoxec (D)
  A water moccasin (D)
  4 necrophages (D)
  5 scorpions (D)
12 creatures vanquished.

Vanquished Creatures (collateral kills)
  A neqoxec (D)
1 creature vanquished.

Vanquished Creatures (others)
  2 neqoxecs (D)
  Menkaure (D)
  A water moccasin (D)
4 creatures vanquished.

Grand Total: 17 creatures vanquished

Notes
Turn   | Place    | Note
-------+----------+-------------------------------------------
     0 | D        | ugugthedestroyer the Demonspawn Gladiator began the quest
                  | for the Orb.
     0 | D        | Reached XP level 1. HP: 16/16 MP: 1/1
     1 | D        | Noticed a scorpion
     1 | D        | Noticed a scorpion
     1 | D        | Noticed a scorpion
     1 | D        | Noticed a scorpion
     6 | D        | Killed a scorpion
     7 | D        | Reached skill level 5 in Axes
     7 | D        | Reached skill level 5 in Dodging
     7 | D        | Gained mutation: You regenerate magic rapidly. [demonic
                  | ancestry]
     7 | D        | Reached XP level 2. HP: 18/24 MP: 2/2
     7 | D        | Gained mutation: You have a pair of small horns on your
                  | head. [demonic ancestry]
     7 | D        | Reached XP level 3. HP: 22/29 MP: 3/3
     9 | D        | Killed a scorpion
    10 | D        | Reached skill level 6 in Axes
    10 | D        | Gained mutation: A weak demonic guardian rushes to your
                  | aid. [demonic ancestry]
    10 | D        | Reached XP level 4. HP: 21/37 MP: 4/4
    14 | D        | Killed a scorpion
    15 | D        | Reached skill level 7 in Axes
    15 | D        | Reached XP level 5. HP: 8/42 MP: 5/5
    24 | D        | Killed Menkaure
    34 | D        | Killed a water moccasin
   283 | D        | Noticed a merfolk siren
   317 | D        | Killed a merfolk siren
   318 | D        | Reached skill level 5 in Fighting
   318 | D        | Reached skill level 10 in Axes
   318 | D        | Gained mutation: A demonic guardian rushes to your aid.
                  | [demonic ancestry]
   318 | D        | Reached XP level 6. HP: 17/52 MP: 6/6
   318 | D        | Gained mutation: When hurt, damage is shared between your
                  | health and your magic reserves. [demonic ancestry]
   318 | D        | Reached XP level 7. HP: 18/57 MP: 7/7
   552 | D        | Reached skill level 11 in Axes
   710 | D        | Noticed a neqoxec
   710 | D        | Gained mutation: You sometimes lose the ability to read
                  | scrolls when taking damage. [a neqoxec]
   715 | D        | Gained mutation: You are robust. (+10% HP) [a neqoxec]
   719 | D        | Noticed an ice statue
   730 | D        | Gained mutation: You are dopey. (Int -2) [a neqoxec]
   734 | D        | Reached XP level 8. HP: 29/71 MP: 4/8
   749 | D        | Lost mutation: You are robust. (+10% HP) [a neqoxec]
   755 | D        | Reached skill level 10 in Dodging
   786 | D        | Found Wewk's Antique Armour Emporium.
   786 | D        | Found Mexem's Antique Armour Shoppe.
   786 | D        | Found Zeviseny's Jewellery Emporium.
   786 | D        | Found Jusiona's Distillery.
   786 | D        | Found Rayjasyxull's Antique Weapon Emporium.
   787 | D        | Found Diwamis's Antique Armour Shoppe.
   787 | D        | Found Ysegon's Magic Scroll Emporium.
   787 | D        | Found Nahuhyinn's Jewellery Shoppe.
   787 | D        | Found Wuosath's Distillery.
   787 | D        | Found Weag's Weapon Emporium.
   788 | D        | Found Erity's Jewellery Shoppe.
   788 | D        | Found Cigamy's Assorted Antiques.
   790 | D        | Found Dikhul's Book Shoppe.
   790 | D        | Found Imotaifi's Antique Armour Emporium.
   791 | D        | Noticed an iron elemental
   791 | D        | Noticed an oklob plant
   792 | D        | Found Gaulush's Book Shoppe.
   796 | D        | Noticed a slime creature
   796 | D        | Noticed a slime creature
   799 | D        | Noticed a slime creature
   800 | D        | Bought a dyed leather armour for 135 gold pieces
   800 | D        | Bought a pair of embroidered boots for 202 gold pieces
   816 | D        | Noticed a fire dragon
   819 | D        | Bought a +4 ring of protection for 360 gold pieces
   950 | D        | Noticed an elephant
   950 | D        | Noticed a centaur warrior
   950 | D        | Noticed Kirke
   950 | D        | Noticed a yaktaur captain
   950 | D        | Noticed a kobold demonologist
   950 | D        | Noticed a skeletal warrior
   964 | D        | Noticed a manticore
   964 | D        | HP: 2/67 [centaur warrior (2)]
   964 | D        | Slain by a skeletal warrior

Illustrated notes

Levels and vault maps discovered:
D:        the_violet_keep_of_menkaure [sprint2_stairs_cluster_1,
          sprint2_shoproom, sprint2_temple, sprint2_basic_supplies,
          sprint2_obstacle_7, sprint2_obstacle_6, sprint2_obstacle_2,
          sprint2_obstacle_1, sprint2_obstacle_3, sprint2_timed_cluster_1,
          sprint2_smallroom_cluster_1, sprint2_smallroom_final_cluster_1,
          sprint2_transparent_cluster_1, sprint2_second_timed_cluster_1,
          sprint2_sniper_area_1, sprint2_heavy_combat_area_1,
          sprint2_mutation_trap_area_1, sprint2_forest_area_1,
          sprint2_light_combat_area_1, sprint2_behind_water_1,
          sprint2_near_end_vault_1]

Skill      XL: |  1  2  3  4  5  6  7  8 |
---------------+-------------------------+-----
Fighting       | 3 4 5 6 7 |  7.2
Axes           | 5 6 7 10 11 | 11.7
Dodging        | 5 6 9 10 | 10.0
Armour         | 2 3 4 |  4.2
Throwing       | |  1.7

Action                   |  1- 3 |  4- 6 |  7- 9 || total
-------------------------+-------+-------+-------++-------
Melee: War axe           |     6 |    29 |    45 ||    80
       Headbutt          |     1 |     5 |    14 ||    20
  Use: Potion            |     1 |     2 |     1 ||     4
Armor: Leather armour    |     2 |       |    16 ||    18
Dodge: Dodged            |     2 |     4 |    32 ||    38
